 Dungeon Crawl Stone Soup version 0.15.0-13-gb296d5c (webtiles) character file.

4232 Kejsarherre the Summoner (level 10, -1/66 HPs)
             Began as an Octopode Summoner on Sept 2, 2014.
             Was a Priest of Vehumet.
             Slain by ctair's ghost (4 damage)
             ... on Level 10 of the Dungeon.
             The game lasted 01:01:03 (10173 turns).

Kejsarherre the Summoner (Octopode Summoner)       Turns: 10173, Time: 01:01:03

HP  -1/66        AC  1     Str 12      XL: 10   Next: 30%
MP   6/22        EV 12     Int 20      God: Vehumet [***...]
Gold 518         SH  0     Dex 12 (14) Spells:  6 memorised,  1 level left

rFire  + + .     SeeInvis .     y - +4 quarterstaff (curse)
rCold  . . .     Clarity  +     (no shield)
rNeg   . . .     rCorr    .     (helmet restricted)
rPois  .         rRot     .     r - cursed amulet of stasis
rElec  .         Spirit   .     h - cursed ring of regeneration
SustAb .         Warding  .     B - ring of protection from fire
rMut   .         Stasis   +     (no ring)
Gourm  .                        (no ring)
MR     .....                    (no ring)
                                (no ring)
                                (no ring)
                                (no ring)

@: mighty, very slightly contaminated, drained, not resistant to hostile
enchantments, fairly stealthy
A: almost no armour, amphibious, 8 rings, constrict 8, camouflage 1, breathe
flames 1, clarity, fire resistance 1, gelatinous body 1
a: Renounce Religion, Breathe Fire


You were on level 10 of the Dungeon.
You worshipped Vehumet.
Vehumet was most pleased with you.
You were not hungry.

You visited 2 branches of the dungeon, and saw 11 of its levels.

You collected 622 gold pieces.
You spent 104 gold pieces at shops.

Inventory:

Hand weapons
 y - a cursed +4 quarterstaff (weapon)
Armour
 w - a +2 buckler
Magical devices
 e - a wand of cold (4)
 f - a wand of cold (9)
 v - a wand of fire (9)
 C - a wand of teleportation (1)
Comestibles
 a - 5 meat rations
 c - 9 bread rations
 l - 7 beef jerkies
 x - 6 royal jellies
Scrolls
 g - 5 scrolls of remove curse
 k - a scroll of teleportation
 m - 2 scrolls of fog
 n - 2 scrolls of enchant weapon
 o - a scroll of amnesia
 p - a scroll of enchant armour
 A - a scroll of brand weapon {unknown}
Jewellery
 h - a cursed ring of regeneration (left tentacle)
 r - a cursed amulet of stasis (around mantle)
 B - a ring of protection from fire (right tentacle)
Potions
 d - 2 potions of agility
 i - a potion of brilliance
 j - a potion of resistance
 z - a potion of porridge
Books
 b - a book of Callings

   Spells                             Type                      Level
   *Summon Small Mammal               Summoning                    1
   Call Imp                           Summoning                    2
   *Call Canine Familiar              Summoning                    3
   Summon Guardian Golem              Hexes/Summoning              4
   *Summon Lightning Spire            Summoning/Air                4
   *Summon Ice Beast                  Ice/Summoning                4
 s - a Necronomicon {highlevel}

   This book is beyond your current level of understanding.

   Spells                             Type                      Level
   Haunt                              Necromancy/Summoning         7
   Borgnjor's Revivification          Necromancy                   8
   Death's Door                       Charms/Necromancy            8
   Necromutation                      Transmutation/Necromancy     8
 t - a book of the Tempests

   Spells                             Type                      Level
   Static Discharge                   Conjuration/Air              3
   *Lightning Bolt                    Conjuration/Air              5
   Fireball                           Conjuration/Fire             5
   Tornado                            Air                          9
   Shatter                            Earth                        9


   Skills:
 * Level 5.1(4.8) Fighting
 - Level 2.0(1.8) Dodging
 - Level 2.9(2.7) Stealth
 - Level 0.4(0.2) Unarmed Combat
 + Level 5.0(4.8) Spellcasting
 + Level 11.8(11.6) Summonings
 + Level 5.3(5.1) Air Magic


You had one spell level left.
You knew the following spells:

 Your Spells              Type           Power        Failure   Level  Hunger
a - Summon Small Mammal   Summ           ####         1%          1    None
b - Call Canine Familiar  Summ           ######..     1%          3    ###....
c - Summon Lightning Spi  Summ/Air       #####...     4%          4    ####...
d - Shock                 Conj/Air       ###.         1%          1    None
e - Summon Ice Beast      Ice/Summ       ####....     12%         4    ####...
f - Lightning Bolt        Conj/Air       ###.......   52%         5    #####..


Dungeon Overview and Level Annotations

Branches:
Dungeon (10/15)            Temple (1/1) D:4
    Orc: D:9-12        Lair: D:8-11

Altars:
Ashenzari
Cheibriados
Dithmenos
Elyvilon
Fedhas
Kikubaaqudgha
Makhleb
Nemelex Xobeh
Okawaru
Qazlal
Sif Muna
Trog
Vehumet
Xom
Yredelemnul
Zin
The Shining One

Shops:
D:5 (((}   D:6 %

Annotations:
D:5 6 exclusions
D:10 exclusions: door and 1 more exclusion, ctair's ghost, experienced DECj


Innate Abilities, Weirdness & Mutations

You cannot wear most types of armour.
You are amphibious.
You can wear up to eight rings at the same time.
You can use your tentacles to constrict many enemies at once.
Your skin changes colour to match your surroundings (Stealth).
Your rubbery body absorbs attacks (AC +1).
You can breathe flames.
You possess an exceptional clarity of mind.
Your flesh is heat resistant.


Message History

You feel better.
Your wolf bites ctair's ghost but does no damage.
Your lightning spire shoots out a bolt of electricity!
The bolt of electricity hits ctair's ghost.
Your ice beast barely misses ctair's ghost.
Ctair's ghost gestures at you while chanting.
The spray of energy hits you!
* * * LOW HITPOINT WARNING * * *
You feel momentarily confused.
The battlesphere fires!
The barrage of energy hits you!
* * * LOW HITPOINT WARNING * * *
Your wolf bites ctair's ghost but does no damage.
Your wolf misses ctair's ghost.
Your ice beast closely misses ctair's ghost.
There is an open door here.
You are too injured to fight recklessly!
You closely miss ctair's ghost. Your squeeze misses ctair's ghost.
Ctair's ghost is heavily damaged.
Your wolf misses ctair's ghost. Ctair's ghost hits you.
You die...

#.......##≈≈.≈≈≈.≈.#.#.
#.......#≈≈%.≈≈≈......%
#.......≈≈≈≈.≈≈≈≈≈.....
####.......≈≈≈≈.≈≈≈≈≈.....
.......*.h.≈≈≈≈.≈≈≈≈≈≈#.#.
...<.....8..≈≈≈≈.≈≈≈≈≈≈#.##
.........Yh..#≈≈≈.≈≈≈≈≈≈#.##
........#W####≈≈.≈≈≈≈≈##.##
.......#.@# ##≈.≈≈≈≈###.#.
......##.# ##.≈≈≈## #.#.
...(..##.## #.≈≈## #.#. ....
#..####)### #.#. . ##....#)#
#.#. #....#)#######.#.
#..............##
############.#...........#
#.........##............##


You could see ctair's ghost, a friendly ice beast, a friendly wolf and a
friendly lightning spire.

Vanquished Creatures
  Grinder (D:5)
  A two-headed ogre (D:8)
  A hungry ghost (D:8)
  A yak (D:9)
  A soldier ant (D:8)
  A sky beast (D:7)
  2 necrophages
  2 yellow wasps
  An ogre (D:6)
  A big kobold (D:9)
  3 giant frogs
  A scorpion (D:5)
  2 wights (D:8)
  An eye of draining (D:8)
  3 human zombies (D:8)
  5 orc priests
  2 iguanas
  2 human skeletons (D:8)
  2 two-headed ogre zombies
  2 hounds
  A centaur skeleton (D:6)
  A giant frog skeleton (D:6)
  4 orc wizards
  5 worker ants
  Ijyb (D:4)
  Jessica (D:6)
  A big kobold skeleton (D:6)
  4 mummies (D:8)
  4 gnolls
  10 adders
  3 shadow imps
  A worm (D:3)
  An adder skeleton (D:5)
  An iguana skeleton (D:6)
  7 giant geckos
  An ooze (D:6)
  18 orcs
  A ball python (D:7)
  13 bats
  A bat zombie (D:7)
  4 giant cockroaches
  17 goblins
  7 hobgoblins
  16 kobolds
  7 giant newts
  A giant spore (D:8)
  A hobgoblin skeleton (D:4)
  10 jackals
  A kobold skeleton (D:4)
  13 rats
  4 ballistomycetes (D:8)
  A plant (Temple)
196 creatures vanquished.

Vanquished Creatures (collateral kills)
  A hill giant (D:10)
  A komodo dragon (D:9)
  2 yaks (D:9)
  Eustachio (D:6)
  A deep elf mage (D:9)
  A soldier ant (D:8)
  The ghost of Kejsarherre the Skirmisher, an average OgHu (D:3)
  A sky beast (D:9)
  2 spiders (D:8)
  A yellow wasp (D:8)
  A centaur (D:8)
  An ogre (D:4)
  2 orc warriors (D:7)
  A giant frog (D:6)
  A scorpion (D:5)
  A lightning spire (D:8)
  4 wights (D:10)
  An electric eel (D:10)
  2 goliath beetles (D:7)
  A hound (D:9)
  A crimson imp (D:9)
  2 jellies
  A centaur skeleton (D:6)
  2 orc priests
  An iguana (D:8)
  2 orc wizards (D:7)
  A worker ant (D:5)
  4 gnolls
  2 adders
  A worm (D:2)
  9 orcs
  2 goblins
  A hobgoblin (D:2)
  A jackal (D:5)
  3 bats
  5 rats
65 creatures vanquished.

Vanquished Creatures (others)
  A warg (D:10)
  5 wolves
  An ice beast (D:10)
  8 hounds
  2 bats (D:3)
  9 quokkas
  2 rats (D:5)
28 creatures vanquished.

Grand Total: 289 creatures vanquished

Notes
Turn   | Place    | Note
--------------------------------------------------------------
     0 | D:1      | Kejsarherre, the Octopode Summoner, began the quest for the Orb.
     0 | D:1      | Reached XP level 1. HP: 11/11 MP: 3/3
   162 | D:1      | Reached XP level 2. HP: 6/17 MP: 2/4
  1029 | D:1      | Reached XP level 3. HP: 13/21 MP: 6/6
  1415 | D:2      | Learned a level 3 spell: Call Canine Familiar
  1751 | D:2      | Reached skill level 5 in Summonings
  1751 | D:2      | Reached XP level 4. HP: 12/27 MP: 8/8
  2124 | D:3      | Noticed Kejsarherre's ghost (average OgHu)
  2201 | D:3      | Killed Kejsarherre's ghost
  2201 | D:3      | Reached XP level 5. HP: 17/31 MP: 0/11
  2839 | D:4      | Reached skill level 6 in Summonings
  2989 | D:4      | Found a staircase to the Ecumenical Temple.
  3005 | Temple   | Entered the Ecumenical Temple
  3301 | Temple   | Became a worshipper of Vehumet
  3359 | D:4      | Noticed Ijyb
  3372 | D:4      | Killed Ijyb
  3372 | D:4      | Reached XP level 6. HP: 18/36 MP: 9/13
  3773 | D:4      | Noticed an ogre
  3787 | D:4      | Killed an ogre
  3947 | D:4      | Reached skill level 7 in Summonings
  4010 | D:5      | Entered Level 5 of the Dungeon
  4326 | D:5      | Reached XP level 7. HP: 21/41 MP: 9/14
  4329 | D:5      | Found Kluigae's Gadget Boutique.
  4576 | D:5      | Found Cratod's Antique Weapon Boutique.
  4584 | D:5      | Bought a glowing quarterstaff for 104 gold pieces
  4591 | D:5      | Found Osiada's Antique Weapon Shoppe.
  4609 | D:5      | Noticed Grinder
  4996 | D:5      | Reached skill level 1 in Fighting
  5414 | D:5      | Reached skill level 8 in Summonings
  5433 | D:5      | Found Dalaq's Weapon Emporium.
  5435 | D:5      | Found an iron altar of Okawaru.
  5532 | D:5      | Killed Grinder
  5532 | D:5      | Acquired Vehumet's first power
  5532 | D:5      | Offered knowledge of Shock by Vehumet.
  5541 | D:5      | Learned a level 4 spell: Summon Lightning Spire
  5543 | D:5      | Learned a level 1 spell: Shock
  5854 | D:6      | Found Leagefya's Food Emporium.
  5862 | D:6      | Reached XP level 8. HP: 34/50 MP: 14/16
  5880 | D:6      | Reached skill level 1 in Air Magic
  5918 | D:6      | Reached skill level 9 in Summonings
  6056 | D:6      | Noticed Eustachio
  6067 | D:6      | Killed Eustachio
  6296 | D:6      | Found a sparkling altar of Nemelex Xobeh.
  6296 | D:6      | Noticed Jessica
  6302 | D:6      | Killed Jessica
  6685 | D:6      | Identified a scroll of acquirement
  6953 | D:7      | Reached skill level 10 in Summonings
  7106 | D:7      | Offered knowledge of Freeze by Vehumet.
  7133 | D:7      | Upgraded the game from 0.15.0-12-gccce430 to 0.15.0-13-gb296d5c
  7229 | D:7      | Reached XP level 9. HP: 44/54 MP: 11/18
  7706 | D:8      | Found an ancient bone altar of Kikubaaqudgha.
  7926 | D:8      | Reached skill level 5 in Air Magic
  8104 | D:8      | Offered knowledge of Mephitic Cloud by Vehumet.
  8110 | D:8      | Learned a level 4 spell: Summon Ice Beast
  8229 | D:8      | Reached skill level 11 in Summonings
  8382 | D:8      | Found a snail-covered altar of Cheibriados.
  8986 | D:9      | Reached XP level 10. HP: 34/64 MP: 11/21
  9071 | D:9      | Noticed a komodo dragon
  9081 | D:9      | Killed a komodo dragon
  9101 | D:9      | Found a shimmering altar of Xom.
  9276 | D:9      | Acquired Vehumet's second power
  9404 | D:9      | Gained mutation: Your flesh is heat resistant. [potion of mutation]
  9404 | D:9      | Gained mutation: You can breathe flames. [potion of mutation]
  9404 | D:9      | Gained mutation: You possess an exceptional clarity of mind. [potion of mutation]
  9439 | D:9      | Found a burning altar of Makhleb.
  9576 | D:10     | Entered Level 10 of the Dungeon
  9661 | D:10     | Learned a level 5 spell: Lightning Bolt
  9788 | D:10     | Noticed a hill giant
  9801 | D:10     | Killed a hill giant
  9802 | D:10     | Noticed ctair's ghost (experienced DECj)
  9806 | D:10     | Reached skill level 5 in Fighting
  9992 | D:10     | Reached skill level 5 in Spellcasting
 10170 | D:10     | HP: 1/66 [battlesphere[ctair's ghost] (7)]
 10173 | D:10     | Slain by ctair's ghost

Action                   |  1- 3 |  4- 6 |  7- 9 | 10-12 || total
-------------------------+-------+-------+-------+-------++-------
Melee: Unarmed           |    22 |       |       |       ||    22
       Short sword       |    67 |   111 |       |       ||   178
       Quarterstaff      |       |    33 |   278 |    45 ||   356
 Cast: Summon Small Mamm |     2 |    12 |    12 |       ||    26
       Call Canine Famil |     1 |    12 |    16 |     7 ||    36
       Shock             |       |       |    61 |    16 ||    77
       Summon Lightning  |       |       |    12 |     3 ||    15
       Summon Ice Beast  |       |       |     3 |     4 ||     7
       Lightning Bolt    |       |       |       |     1 ||     1
Evoke: Wand              |       |       |     4 |     1 ||     5
  Use: Scroll            |     1 |     5 |    11 |     2 ||    19
       Potion            |       |       |     7 |     4 ||    11
 Stab: Sleeping          |    10 |     5 |    13 |     1 ||    29
  Eat: Chunk             |     2 |    10 |    17 |     1 ||    30
       Beef jerky        |       |       |     3 |       ||     3
       Meat ration       |       |       |     1 |     1 ||     2
